 Dungeon Crawl Stone Soup version 0.13.0-18-g7b03ea5 (webtiles) character file.

215 4tharraofdagon the Chopper (level 5, 0/54 HPs)
             Began as a Gargoyle Berserker on Oct 23, 2013.
             Was a Believer of Trog.
             Slain by an orc warrior
             ... wielding a +0,+1 orcish long sword
              (16 damage)
             ... on Level 7 of the Dungeon.
             The game lasted 00:03:04 (757 turns).

4tharraofdagon the Chopper (Gargoyle Berserker)      Turns: 757, Time: 00:03:04

HP   0/54        AC 13     Str 27      XL: 5   Next: 18%
MP   4/4         EV 10     Int  7      God: Trog [**....]
Gold 80          SH  0     Dex 11      Spells:  0 memorised,  4 levels left

Res.Fire  : . . .   See Invis. : .   i - +2,+3 dwarf hand axe
Res.Cold  : . . .   Warding    : .   e - +1 ring mail
Life Prot.: + . .   Conserve   : .   (no shield)
Res.Poison: +       Res.Corr.  : .   (no helmet)
Res.Elec. : +       Clarity    : .   (no cloak)
Sust.Abil.: . .     Spirit.Shd : .   (no gloves)
Res.Mut.  : .       Stasis     : .   r - +2 pair of boots
Res.Rott. : +       Flight     : .   (no amulet)
Saprovore : . . .                    (no ring)
                                     (no ring)

@: berserking, very quick, slightly resistant to hostile enchantments, extremely
unstealthy
A: fangs 1, talons 2, life protection 1, +10% hp, electricity resistance, slow
metabolism 1, spit poison 1, unbreathing, petrification resistance, AC +4, Dex
+2
a: Spit Poison, Burn Spellbooks, Berserk, Trog's Hand, Renounce Religion


You were on level 7 of the Dungeon.
You worshipped Trog.
Trog was pleased with you.
You were full.

You visited 1 branch of the dungeon, and saw 7 of its levels.

You collected 60 gold pieces.

Inventory:

Hand weapons
 a - a +0,+0 hand axe {=f}
 i - a +2,+3 dwarven hand axe (weapon)
 j - a +0,+0 dwarven morningstar
 l - a +0 blowgun
Armour
 b - a +0 animal skin
 e - a +1 ring mail (worn)
 q - a +0 chain mail
 r - a +2 pair of boots (worn)
Comestibles
 c - 3 bread rations
 d - 14 grapes
 g - 2 meat rations
 s - a pear
Scrolls
 h - a scroll of identify {unknown}
 m - a scroll of fear {unknown}
 n - a scroll of magic mapping {unknown}
 o - a scroll of acquirement {unknown}
 t - a scroll of teleportation {unknown}
Potions
 f - a potion of paralysis {unknown}
 k - a potion of agility {unknown}
 p - a potion of might {unknown}


   Skills:
 + Level 4.4 Fighting
 * Level 4.5 Axes
 - Level 2.1 Armour
 - Level 1.5 Dodging


You had 4 spell levels left.
You didn't know any spells.

Dungeon Overview and Level Annotations

Branches:
Dungeon (7/27)
 Temple: D:4-7          Orc: D:6-11

Altars:


Innate Abilities, Weirdness & Mutations

You are resistant to torment.
You are immune to poison.
Your stone body is very resilient (AC +4).
You have very sharp teeth.
You have razor-sharp toenails.
You resist negative energy.
You are resistant to electric shocks.
You have a slow metabolism.
You can survive without breathing.
You are immune to petrification.
You are agile. (Dex +2)
You are robust (+10% HP).
You can spit poison.


Message History

Unknown command.
You slash the orc warrior!
The orc warrior is heavily wounded.
You hit the orc.
You kill the orc!
Trog accepts your kill.
You hit the orc priest.
The orc priest is moderately wounded.
The orc priest barely misses you.
The orc priest hits you but does no damage.
Unknown command.
You hit the orc warrior but do no damage.
Your bite misses the orc warrior.
The orc warrior is heavily wounded.
You hit the orc priest.
The orc priest is severely wounded.
The kobold throws a dart of flame.
The dart of flame hits you!
* * * LOW HITPOINT WARNING * * *
The orc warrior hits you with an orcish long sword!
You die...

... . h. ... #K#
.... ..# .....##
..# ......g.##..#
###...)..o.#.###.
...<...po@.o.po.o.
###....lo#######.
..........
.........##
##....... ########


You could see 2 phantoms, an orc warrior, a hound, 3 orc priests, an orc wizard,
a gnoll, an orc, a giant gecko and a kobold.

Vanquished Creatures
  A crimson imp (D:5)
  A scorpion (D:6)
  An adder (D:2)
  4 gnolls
  3 orcs
  3 bats
  2 hobgoblins
  2 giant newts
  8 goblins
  3 kobolds
  A kobold skeleton (D:5)
  A rat (D:3)
30 creatures vanquished.

Notes
Turn   | Place    | Note
--------------------------------------------------------------
     0 | D:1      | 4tharraofdagon, the Gargoyle Berserker, began the quest for the Orb.
     0 | D:1      | Reached XP level 1. HP: 14/14 MP: 0/0
   165 | D:2      | Reached XP level 2. HP: 13/19 MP: 1/1
   345 | D:3      | Reached XP level 3. HP: 24/24 MP: 2/2
   389 | D:3      | Gained mutation: You are robust (+10% HP). [potion of mutation]
   389 | D:3      | Gained mutation: You can spit poison. [potion of mutation]
   389 | D:3      | Gained mutation: You are agile. (Dex +2) [potion of mutation]
   509 | D:5      | Entered Level 5 of the Dungeon
   524 | D:5      | Acquired Trog's second power
   526 | D:5      | Reached skill level 4 in Fighting
   528 | D:5      | Reached XP level 4. HP: 25/31 MP: 3/3
   734 | D:6      | Reached XP level 5. HP: 29/36 MP: 4/4
   751 | D:7      | Noticed an orc warrior
   751 | D:7      | Noticed a phantom
   753 | D:7      | Noticed a phantom
   757 | D:7      | Slain by an orc warrior

Action                   |  1- 3 |  4- 6 || total
-------------------------+-------+-------++-------
Melee: Hand axe          |    51 |    29 ||    80
Invok: Berserk           |     2 |     1 ||     3
  Use: Potion            |     2 |       ||     2
       Scroll            |     1 |       ||     1
